 Dungeon Crawl Stone Soup version 0.27.0-1-g7a089689b8 (webtiles) character file.

Game seed: 11803166121383633284

2847 eggzz the Thaumaturge (level 9, -6/49 HPs)
             Began as a Deep Elf Conjurer on Aug 6, 2021.
             Was a Follower of Vehumet.
             Mangled by an eight-headed hydra (8 damage)
             ... on level 7 of the Dungeon on Aug 7, 2021.
             The game lasted 00:43:52 (7242 turns).

eggzz the Thaumaturge (Deep Elf Conjurer)           Turns: 7242, Time: 00:44:10

Health: -6/49      AC:  9    Str:  4    XL:     9   Next: 46%
Magic:  27/27      EV: 14    Int: 30    God:    Vehumet [*.....]
Gold:   294        SH:  0    Dex: 13    Spells: 14/32 levels left

rFire    + . .     SeeInvis .   m - +1 dagger (vamp)
rCold    . . .     Faith    .   (no shield)
rNeg     . . .     Spirit   .   a - +0 robe
rPois    .         Reflect  .   u - +0 helmet
rElec    +         Harm     .   (no cloak)
rCorr    .         Rampage  .   y - +1 pair of gloves
Will     .....                  (no boots)
Stlth    +++.......             g - amulet of the acrobat
HPRegen  0.16/turn              A - ring of Nobility {Contam rElec rF+ Int+3}
MPRegen  0.20/turn              w - +4 ring of protection

@: no status effects
A: no striking features
a: Renounce Religion


You were on level 7 of the Dungeon.
You worshipped Vehumet.
Vehumet was aware of your devotion.
You visited 2 branches of the dungeon, and saw 8 of its levels.

You collected 294 gold pieces.

Inventory:

Hand Weapons
 c - a +0 short sword
 m - a +1 vampiric dagger (weapon)
 B - a +2 whip of flaming
Armour
 a - a +0 robe (worn)
 e - a +0 pair of gloves
 u - a +0 helmet (worn)
 x - the +3 scale mail of Lucidity {+Blink rCorr Str+4}
   (You found it on level 5 of the Dungeon)

   Str:       It affects your strength (+4).
   +Blink:    It lets you blink.
   rCorr:     It protects you from acid and corrosion.
 y - a +1 pair of gloves (worn)
Magical Staves
 v - a staff of fire
Jewellery
 g - an amulet of the acrobat (around neck)
 q - a +6 ring of intelligence
 s - a +4 ring of evasion
 t - a ring of flight
 w - a +4 ring of protection (right hand)
 A - the ring of Nobility (left hand) {Contam rElec rF+ Int+3}
   (You found it on level 6 of the Dungeon)

   [ring of protection from fire]

   Int:       It affects your intelligence (+3).
   rF:        It protects you from fire.
   rElec:     It insulates you from electricity.
   Contam:    It causes magical contamination when unequipped.
Scrolls
 b - 3 scrolls of teleportation {unknown}
 d - 3 scrolls of magic mapping {unknown}
 f - 2 scrolls of vulnerability {unknown}
 i - 6 scrolls of identify {unknown}
 j - a scroll of enchant weapon {unknown}
 p - a scroll of holy word {unknown}
 z - a scroll of acquirement {unknown}
Potions
 h - a potion of mutation {unknown}
 k - 3 potions of curing {unknown}
 l - a potion of brilliance {unknown}
 n - 2 potions of might {unknown}
 o - a potion of haste {unknown}
 r - a potion of attraction {unknown}


   Skills:
 + Level 2.5 Fighting
 - Level 6.0 Dodging
 - Level 5.0 Stealth
 + Level 12.2 Spellcasting
 + Level 8.3 Conjurations


You had 14 spell levels left.
You knew the following spells:

 Your Spells              Type           Power      Damage    Failure   Level
a - Searing Ray           Conj           100%       3d7       1%          2
b - Magic Dart            Conj           100%       1d8       1%          1
c - Fulminant Prism       Conj/Hex       21%        3d13      4%          4
d - Dazzling Flash        Conj/Hex       86%        N/A       1%          3
e - Passwall              Tmut/Erth      15%        N/A       4%          2
f - Iskenderun's Mystic   Conj/Tloc      43%        2d10      4%          4
g - Slow                  Hex            18%        N/A       4%          2

Your spell library contained the following spells:

 Spells                   Type           Power      Damage    Failure   Level
 Freeze                   Ice            72%        1d9       2%          1
 Animate Skeleton         Necr           36%        N/A       2%          1
 Pain                     Necr           72%        1d7       2%          1
 Iskenderun's Battlesphe  Conj           62%        2d11      2%          5
 Ensorcelled Hibernation  Hex/Ice        36%        N/A       4%          2
 Sublimation of Blood     Necr           9%         N/A       4%          2
 Wereblood                Tmut           18%        N/A       4%          2
 Call Canine Familiar     Summ           18%        N/A       9%          3
 Confusing Touch          Hex            18%        N/A       9%          3
 Inner Flame              Hex/Fire       18%        N/A       9%          3
 Portal Projectile        Hex/Tloc       36%        N/A       9%          3
 Spider Form              Tmut/Pois      9%         N/A       9%          3
 Summon Guardian Golem    Hex/Summ       18%        N/A       9%          3
 Swiftness                Air            18%        N/A       9%          3
 Vampiric Draining        Necr           9%         2d7       9%          3
 Fireball                 Conj/Fire      21%        3d10      14%         5
 Cause Fear               Hex            9%         N/A       28%         4
 Leda's Liquefaction      Hex/Erth       9%         N/A       28%         4
 Conjure Ball Lightning   Conj/Air       21%        3x3d6     61%         6
 Orb of Destruction       Conj           31%        9d12      61%         7
 Invisibility             Hex            9%         N/A       99%         6
 Shadow Creatures         Summ           N/A        N/A       99%         6
 Spellforged Servitor     Conj/Summ      21%        N/A       99%         7
 Summon Hydra             Summ           9%         N/A       100%        7
 Discord                  Hex            9%         N/A       100%        8


Dungeon Overview and Level Annotations

Branches:
Dungeon (7/15)             Temple (1/1) D:4

Altars:
Ashenzari
Cheibriados
Elyvilon
Fedhas
Gozag
Makhleb
Okawaru
Qazlal
Ru
Sif Muna
Trog
Uskayaw
Vehumet
Wu Jian
Xom
Yredelemnul
Zin
The Shining One
Lugonu

Portals:
Abyss: D:5

Annotations:
D:5 2 transporters, 2 runed translucent doors, exclusions: 2 doors and downstairs, weresquid's ghost, novice OpGl
D:6 exclusions: 3 doors and downstairs, Prince Ribbit


Message History

There is an open door here.
There is an open door here.
There is a stone staircase leading down here.
You climb downwards.
An eight-headed hydra comes into view.
There is a stone staircase leading up here.
Casting: Searing Ray (safe; 1% risk of failure)
Confirm with . or Enter, or press ? or * to list all spells.
Aiming: Slow (safe; 4% risk of failure)
Press: ? - help, Shift-Dir - straight line, f - eight-headed hydra
Aim: an eight-headed hydra (wandering, hasn't noticed you, chance to affect: 23%)
Okay, then.
Unknown command.
You aren't carrying any items that you can evoke.
Unknown command.
The eight-headed hydra roars!
You climb upwards.
Level annotation: exclusions: 3 doors and downstairs, Prince Ribbit
There is a stone staircase leading down here.
Casting: Slow (safe; 4% risk of failure)
Confirm with . or Enter, or press ? or * to list all spells.
Okay, then.
There is a stone staircase leading down here.
You climb downwards.
The eight-headed hydra bites you but does no damage.
The eight-headed hydra misses you. The eight-headed hydra bites you.
The eight-headed hydra closely misses you.
The eight-headed hydra bites you!
The eight-headed hydra bites you but does no damage.
The eight-headed hydra completely misses you.
The eight-headed hydra bites you but does no damage.
There is a stone staircase leading up here.
The eight-headed hydra barely misses you.
The eight-headed hydra bites you but does no damage.
The eight-headed hydra bites you. x2; The eight-headed hydra bites you!
* * * LOW HITPOINT WARNING * * *
The eight-headed hydra bites you!
* * * LOW HITPOINT WARNING * * *
The eight-headed hydra bites you!
You die...

#..............
...............
...............
...............
...............
...............
..............#
...$...@....#
.......D...##
..........##
.........##
..........
.........##
........##
......#.#


You could see an eight-headed hydra.

Vanquished Creatures
  Pikel (D:7)
  A hornet zombie (D:6)
  Duvessa (D:7)
  3 black bears
  2 ice beasts
  3 necrophages
  A centaur (D:6)
  4 lemures (D:7)
  Blork the orc (D:6)
  A kobold brigand (D:7)
  2 scorpions (D:6)
  A gnoll sergeant (D:3)
  A water moccasin skeleton (D:6)
  4 wights
  4 killer bees (D:4)
  3 jellies
  A bullfrog zombie (D:6)
  An orc priest (D:6)
  2 centaur skeletons (D:6)
  2 hounds
  A bullfrog skeleton (D:4)
  3 iguanas
  2 orc wizards
  A killer bee zombie (D:7)
  7 adders
  7 gnolls
  A shadow imp (D:7)
  2 worms
  A dart slug (D:2)
  13 orcs
  11 ball pythons
  A bat (D:3)
  6 endoplasms
  2 giant cockroaches
  6 goblins
  6 hobgoblins
  4 jackals
  9 kobolds
  6 quokkas
  6 frilled lizards
  7 rats
141 creatures vanquished.

Vanquished Creatures (others)
  35 fulminant prisms
  17 plants
52 creatures vanquished.

Grand Total: 193 creatures vanquished

Notes
Turn   | Place    | Note
-------+----------+-------------------------------------------
     0 | D:1      | eggzz the Deep Elf Conjurer began the quest for the Orb.
     0 | D:1      | Reached XP level 1. HP: 10/10 MP: 6/6
   255 | D:1      | Reached XP level 2. HP: 15/15 MP: 3/8
   449 | D:1      | Learned a level 2 spell: Searing Ray
   600 | D:1      | Reached skill level 4 in Spellcasting
  1137 | D:2      | Found a faded altar of an unknown god.
  1145 | D:2      | Reached XP level 3. HP: 19/19 MP: 8/10
  1672 | D:2      | Reached XP level 4. HP: 24/24 MP: 8/12
  1790 | D:2      | Learned a level 2 spell: Slow
  2097 | D:3      | Found a shimmering altar of Xom.
  2283 | D:3      | Reached skill level 5 in Spellcasting
  2367 | D:3      | Reached skill level 5 in Conjurations
  2684 | D:3      | Reached XP level 5. HP: 28/28 MP: 11/15
  2882 | D:3      | Reached skill level 6 in Spellcasting
  3499 | D:4      | Found a staircase to the Ecumenical Temple.
  3506 | Temple   | Entered the Ecumenical Temple
  3540 | D:4      | Reached XP level 6. HP: 32/32 MP: 12/17
  3622 | D:4      | Learned a level 4 spell: Fulminant Prism
  3649 | D:4      | Reached skill level 5 in Stealth
  3649 | D:4      | Reached skill level 7 in Spellcasting
  3703 | D:4      | Found a white marble altar of Elyvilon.
  3907 | D:4      | Reached XP level 7. HP: 36/36 MP: 12/20
  3966 | D:5      | Entered Level 5 of the Dungeon
  4211 | D:4      | Learned a level 3 spell: Dazzling Flash
  4468 | D:5      | Noticed a small abomination
  4469 | D:5      | Noticed weresquid's ghost (novice OpGl)
  4486 | D:5      | Found a one-way gate to the infinite horrors of the Abyss.
  4486 | D:5      | Found a transporter.
  4490 | D:5      | Found a transporter.
  4497 | D:5      | Reached skill level 8 in Spellcasting
  4673 | D:5      | Found a large runed translucent door.
  4673 | D:5      | Found a large runed translucent door.
  4678 | D:5      | Found a corrupted altar of Lugonu.
  4778 | D:5      | Found a stormy altar of Qazlal.
  4975 | D:5      | Reached skill level 1 in Fighting
  5096 | D:5      | Identified the +3 scale mail of Lucidity {+Blink rCorr
                  | Str+4}
  5303 | D:6      | Found a radiant altar of Vehumet.
  5304 | D:6      | Found a glowing golden altar of the Shining One.
  5305 | D:6      | Found an opulent altar of Gozag.
  5305 | D:6      | Found a shimmering blue altar of Sif Muna.
  5310 | D:6      | Became a worshipper of Vehumet
  5321 | D:6      | Reached XP level 8. HP: 44/44 MP: 15/22
  5334 | D:6      | Reached skill level 9 in Spellcasting
  5347 | D:6      | Noticed Blork the orc
  5535 | D:6      | Killed Blork the orc
  5557 | D:6      | Reached skill level 5 in Dodging
  5881 | D:6      | Learned a level 2 spell: Passwall
  5923 | D:6      | Identified the ring of Nobility {Contam rElec rF+ Int+3}
  6162 | D:6      | Noticed Prince Ribbit
  6310 | D:6      | Reached skill level 10 in Spellcasting
  6553 | D:6      | Reached XP level 9. HP: 48/48 MP: 10/25
  6743 | D:7      | Noticed Duvessa
  6749 | D:7      | Killed Duvessa
  6749 | D:7      | Reached * piety under Vehumet
  6749 | D:7      | Offered knowledge of Freeze by Vehumet.
  6750 | D:7      | Reached skill level 11 in Spellcasting
  6852 | D:7      | Noticed a death knight
  6890 | D:7      | Noticed Pikel
  6897 | D:7      | Killed Pikel
  6898 | D:7      | Reached skill level 12 in Spellcasting
  6906 | D:7      | Noticed a cyclops
  7171 | D:7      | Noticed a boulder beetle
  7172 | D:7      | Learned a level 4 spell: Iskenderun's Mystic Blast
  7219 | D:7      | Noticed an eight-headed hydra
  7242 | D:7      | HP: 2/49 [eight-headed hydra (9)]
  7242 | D:7      | Mangled by an eight-headed hydra

Illustrated notes

Levels and vault maps discovered:
D:1:      dpeg_arrival_leaves_temple_mockup, layout_loops_ring
D:2:      layout_basic, hellmonk_ecumenical_altar_leap_of_faith
D:3:      layout_loops_corners, xom_teletrap_fun, columned_hall_lemuel
D:4:      layout_basic, mainiacjoe_overflow_24_doors,
          minmay_temple_entry_butterflies
D:5:      due_chaos_kobolds, layout_cave_pools, nicolae_qazlal_eye_of_the_storm,
          gammafunk_ghost_abyssal_escape, minmay_lizard_king
D:6:      layout_gridville, mainiacjoe_overflow_alcove_3, uniq_blork_the_orc,
          uniq_prince_ribbit1
D:7:      layout_layer_cave, nemelex_dance_club_becter, minmay_shattered_shrine,
          uniq_pikel, uniq_duvessa
Temple:   minmay_freezing_vapour_temple

Skill      XL: |  1  2  3  4  5  6  7  8  9 |
---------------+----------------------------+-----
Stealth        | 3 4 5 |  5.0
Spellcasting   | 4 5 6 7 8 10 12 | 12.2
Conjurations   | 5 6 7 8 |  8.3
Dodging        | 3 6 |  6.0
Fighting       | 1 2 |  2.5

Action                   |  1- 3 |  4- 6 |  7- 9 || total
-------------------------+-------+-------+-------++-------
 Cast: Magic Dart        |    57 |    47 |    33 ||   137
       Searing Ray       |     5 |    22 |    31 ||    58
       Slow              |       |     1 |     6 ||     7
       Fulminant Prism   |       |       |    35 ||    35
       Passwall          |       |       |     2 ||     2
Armor: Robe              |       |     1 |    13 ||    14
Dodge: Dodged            |     1 |    11 |    37 ||    49
